 Dungeon Crawl Stone Soup version bcrawl-1.25 (webtiles) character file.

Game seed: 12662014983304904613

144 pasperui the Ducker (level 5, -2/47 HPs)
             Began as a Gnoll Reaver on June 29, 2020.
             Was a Believer of Vehumet.
             Killed by divine providence
             ... invoked by an orc priest
              (11 damage)
             ... on level 3 of the Dungeon.
             The game lasted 00:04:30 (1709 turns).

pasperui the Ducker (Gnoll Reaver)                  Turns: 1709, Time: 00:04:32

Health: -2/47      AC:  6    Str: 15    XL:     5   Next: 26%
Magic:  9/12       EV: 15    Int: 16    God:    Vehumet [**....]
Gold:   226        SH:  1    Dex: 13    Spells: 12/14 levels left

rFire    . . .     SeeInvis .   a - +0 long sword
rCold    . . .     Gourm    .   (no shield)
rNeg     . . .     Faith    .   b - +0 steam dragon scales
rPois    .         Spirit   .   (no helmet)
rElec    .         Reflect  .   q - +0 cloak
rCorr    .         Harm     .   (no gloves)
MR       .....                  (no boots)
Stlth    ++........             (no amulet)
HPRegen  0.15/turn              (no ring)
MPRegen  0.13/turn              (no ring)

@: no status effects
A: distributed training, fangs 1, strong nose
a: Renounce Religion


You were on level 3 of the Dungeon.
You worshipped Vehumet.
Vehumet was pleased with you.
You were not hungry.

You visited 1 branch of the dungeon, and saw 3 of its levels.

You collected 226 gold pieces.

Inventory:

Hand Weapons
 a - a +0 long sword (weapon)
 t - a +0 hand crossbow
Missiles
 f - 354 bolts
 g - 573 stones (quivered)
 j - 243 arrows
Armour
 b - +0 steam dragon scales (worn)
 q - a +0 cloak (worn)
Scrolls
 d - a scroll of immolation
 h - 2 scrolls of teleportation {unknown}
 i - a scroll of remove curse {unknown}
 k - 4 scrolls of identify {unknown}
 l - 3 scrolls of enchant weapon {unknown}
 o - a scroll of noise {unknown}
 r - a scroll of amnesia {unknown}
 u - a scroll of fog {unknown}
 y - a scroll of enchant armour {unknown}
Potions
 c - a potion of haste
 m - a potion of degeneration {unknown}
 n - a potion of magic {unknown}
 p - 3 potions of curing {unknown}
 s - a potion of might {unknown}
 v - a potion of ambrosia {unknown}
 x - a potion of heal wounds {unknown}
Comestibles
 e - 4 rations {!d}
 w - 10 chunks of flesh


   Skills:
 + Level 6.6 Fighting
 + Level 1.4 Short Blades
 + Level 6.6 Long Blades
 + Level 1.4 Axes
 + Level 1.4 Maces & Flails
 + Level 1.4 Polearms
 + Level 1.4 Staves
 + Level 1.4 Slings
 + Level 1.4 Bows
 + Level 1.4 Crossbows
 + Level 1.4 Throwing
 + Level 1.4 Armour
 + Level 6.6 Dodging
 + Level 1.4 Stealth
 + Level 1.4 Shields
 + Level 1.4 Unarmed Combat
 + Level 5.1 Spellcasting
 + Level 1.1 Conjurations
 + Level 1.1 Hexes
 + Level 1.1 Charms
 + Level 1.1 Summonings
 + Level 1.1 Necromancy
 + Level 1.1 Translocations
 + Level 1.1 Transmutations
 + Level 1.1 Fire Magic
 + Level 1.1 Ice Magic
 + Level 1.1 Air Magic
 + Level 1.1 Earth Magic
 + Level 1.1 Poison Magic
 + Level 1.5 Invocations
 + Level 1.4 Evocations


You had 12 spell levels left.
You knew the following spells:

 Your Spells              Type           Power        Failure   Level  Hunger
a - Flame Tongue          Conj/Fire      #....        2%          1    None
b - Sting                 Conj/Pois      #...         2%          1    None

Your spell library contained the following spells:

 Spells                   Type           Power        Failure   Level  Hunger
 Sandblast                Erth           #.....       2%          1    None
 Apportation              Tloc           #.....       10%         1    None
 Infusion                 Chrm           #.......     10%         1    None
 Slow                     Hex            #.......     10%         1    None
 Summon Butterflies       Summ           #.......     10%         1    None
 Iskenderun's Battlesphe  Conj/Chrm      #.......     52%         5    ######.


Dungeon Overview and Level Annotations

Branches:
Dungeon (3/12)

Altars:
Elyvilon
Kikubaaqudgha
Okawaru
Uskayaw


Innate Abilities, Weirdness & Mutations

Your experience applies equally to all skills.
You have very sharp teeth.
Your uncanny sense of smell can sniff out nearby items.


Message History

The orc priest is severely wounded.
The orc priest calls upon Beogh to heal the orc priest.
The orc priest is healed somewhat.
Casting: Sting (safe; 2% risk of failure)
Confirm with . or Enter, or press ? or * to list all spells.
Aiming: Flame Tongue (safe; 2% risk of failure)
Press: ? - help, Shift-Dir - straight line, f/p - orc priest
Aim: an orc priest (heavily wounded)
The flame tongue hits the orc priest.
The orc priest is heavily wounded.
Casting: Flame Tongue (safe; 2% risk of failure)
Confirm with . or Enter, or press ? or * to list all spells.
Aiming: Flame Tongue (safe; 2% risk of failure)
Press: ? - help, Shift-Dir - straight line, f/p - orc priest
Aim: an orc priest (heavily wounded)
The flame tongue hits the orc priest.
The orc priest is almost dead.
The orc priest calls down the wrath of Beogh upon you.
Beogh smites you!
You die...

#.. ##..###. #.#
##....#.. ##∆
#..##..##.).. #.
#..).....##♣ #.
####......♣♣ #.
####...##♣♣≈ ##.
###....### ♣≈
#..#######o..####
≈≈ #÷.?@.o.......#
♣o≈
#...###########.#♣
≈≈≈≈ #####
#†.♣♣≈≈≈≈
##.Po≈≈≈≈ #..♣≈≈P≈
##.# ≈≈≈ #.# ≈≈
#.# ≈ #..


You could see 2 orc priests.

Vanquished Creatures
  An orc wizard (D:3)
  An adder (D:3)
  4 oozes
  5 dart slugs
  3 leopard geckos
  11 orcs (D:3)
  4 bats
  2 giant cockroaches
  8 hobgoblins
  2 jackals (D:2)
  A ball python (D:1)
  3 frilled lizards
  7 goblins
  6 kobolds
  6 rats
64 creatures vanquished.

Vanquished Creatures (others)
  2 plants (D:3)
2 creatures vanquished.

Grand Total: 66 creatures vanquished

Notes
Turn   | Place    | Note
-------+----------+-------------------------------------------
     0 | D:1      | pasperui the Gnoll Reaver began the quest for the Orb.
     0 | D:1      | Reached XP level 1. HP: 23/23 MP: 6/6
    75 | D:1      | Reached XP level 2. HP: 29/29 MP: 7/7
   339 | D:1      | Reached XP level 3. HP: 33/35 MP: 9/9
   383 | D:1      | Reached skill level 5 in Spellcasting
   566 | D:1      | Reached * piety under Vehumet
   566 | D:1      | Offered knowledge of Flame Tongue by Vehumet.
   568 | D:1      | Reached skill level 1 in Invocations
   572 | D:1      | Learned a level 1 spell: Flame Tongue
   873 | D:2      | Found a white marble altar of Elyvilon.
   913 | D:2      | Reached skill level 1 in Short Blades
   913 | D:2      | Reached skill level 1 in Axes
   913 | D:2      | Reached skill level 1 in Maces & Flails
   913 | D:2      | Reached skill level 1 in Polearms
   913 | D:2      | Reached skill level 1 in Staves
   913 | D:2      | Reached skill level 1 in Slings
   913 | D:2      | Reached skill level 1 in Bows
   913 | D:2      | Reached skill level 1 in Crossbows
   913 | D:2      | Reached skill level 1 in Throwing
   913 | D:2      | Reached skill level 1 in Armour
   913 | D:2      | Reached skill level 1 in Stealth
   913 | D:2      | Reached skill level 1 in Shields
   913 | D:2      | Reached skill level 1 in Unarmed Combat
   913 | D:2      | Reached skill level 1 in Evocations
   930 | D:2      | Reached XP level 4. HP: 34/41 MP: 11/11
  1035 | D:2      | Found a hide-covered altar of Uskayaw.
  1054 | D:2      | Found an iron altar of Okawaru.
  1104 | D:2      | Found an ancient bone altar of Kikubaaqudgha.
  1436 | D:3      | Offered knowledge of Sting by Vehumet.
  1436 | D:3      | Reached skill level 1 in Conjurations
  1436 | D:3      | Reached skill level 1 in Hexes
  1436 | D:3      | Reached skill level 1 in Charms
  1436 | D:3      | Reached skill level 1 in Summonings
  1436 | D:3      | Reached skill level 1 in Necromancy
  1436 | D:3      | Reached skill level 1 in Translocations
  1436 | D:3      | Reached skill level 1 in Transmutations
  1436 | D:3      | Reached skill level 1 in Fire Magic
  1436 | D:3      | Reached skill level 1 in Ice Magic
  1436 | D:3      | Reached skill level 1 in Air Magic
  1436 | D:3      | Reached skill level 1 in Earth Magic
  1436 | D:3      | Reached skill level 1 in Poison Magic
  1441 | D:3      | Reached ** piety under Vehumet
  1446 | D:3      | Reached XP level 5. HP: 21/47 MP: 12/12
  1464 | D:3      | Learned a level 1 spell: Sting
  1709 | D:3      | Killed from afar by an orc priest

Skill      XL: |  1  2  3  4 |
---------------+-------------+-----
Spellcasting   | 5 |  5.1
Invocations    | 1 |  1.5
Short Blades   | 1 |  1.4
Axes           | 1 |  1.4
Maces & Flails | 1 |  1.4
Polearms       | 1 |  1.4
Staves         | 1 |  1.4
Slings         | 1 |  1.4
Bows           | 1 |  1.4
Crossbows      | 1 |  1.4
Throwing       | 1 |  1.4
Armour         | 1 |  1.4
Stealth        | 1 |  1.4
Shields        | 1 |  1.4
Unarmed Combat | 1 |  1.4
Evocations     | 1 |  1.4
Conjurations   | 1 |  1.1
Hexes          | 1 |  1.1
Charms         | 1 |  1.1
Summonings     | 1 |  1.1
Necromancy     | 1 |  1.1
Translocations | 1 |  1.1
Transmutations | 1 |  1.1
Fire Magic     | 1 |  1.1
Ice Magic      | 1 |  1.1
Air Magic      | 1 |  1.1
Earth Magic    | 1 |  1.1
Poison Magic   | 1 |  1.1
Fighting       | |  6.6
Long Blades    | |  6.6
Dodging        | |  6.6

Action                   |  1- 3 |  4- 6 || total
-------------------------+-------+-------++-------
Melee: Long sword        |    87 |    82 ||   169
       Bite              |     8 |    10 ||    18
 Cast: Sting             |       |     4 ||     4
       Flame Tongue      |       |     4 ||     4
 Stab: Sleeping          |     3 |     2 ||     5
  Eat: Chunk             |       |     3 ||     3
Armor: Steam dragon scal |    26 |    17 ||    43
Dodge: Dodged            |    67 |    71 ||   138
Block: Other             |     2 |     4 ||     6
